Map: Zona del Vuoto

Players

Tyf

  • Race: Terran Terran

MotsiMabuse

  • Race: Protoss Protoss

compengibber

  • Race: Protoss Protoss

VeniVidiVici

  • Race: Zerg Zerg

Jhyrachy

  • Race: Zerg Zerg
  • League: Silver

Staglemon

  • Race: Protoss Protoss

Quincy

  • Race: Terran Terran

Allosaurus

  • Race: Zerg Zerg

VOD

Have the link to the VOD?

Description

Time

  • Played on: March 30, 2016, 8:13 a.m.
  • Length: 14:38
Show
View Real Time Build Order
Export as new Build Order

Tyf Terran 

Build Orders:  

Get SALT Encoding   

  12  0:02  SCV  
  13  0:14  SCV  
  14  0:26  Supply Depot  
  14  0:27  SCV  
  15  0:34  Refinery  
  15  0:50  Barracks  
  15  0:51  SCV  
  15  0:54  Refinery  
  16  1:03  SCV  
  17  1:15  SCV  
  18  1:18  Barracks  
  18  1:27  SCV  
  19  1:37  Supply Depot  
  19  1:39  Barracks Reactor  
  19  1:41  SCV  
  20  1:54  SCV  
  21  2:05  Engineering Bay  
  21  2:06  Reaper  
  21  2:07  SCV  
  23  2:15  Reaper  
  23  2:16  Reaper  
  23  2:21  SCV  
  26  2:32  Factory  
  26  2:38  Reaper  
  27  2:49  Reaper  
  27  2:50  Reaper  
  29  3:12  Command Center  
  29  3:14  SCV  
  30  3:24  Starport  
  30  3:37  Armory  
  24  4:46  Planetary Fortress  
  24  4:49  Missile Turret  
  24  4:58  Missile Turret  
  24  5:02  Starport Tech Lab  
  24  5:06  Fusion Core  
  24  5:08  SCV  
  24  5:11  Missile Turret  
  25  5:20  Missile Turret  
  25  5:21  Terran Ship Weapons Level 1  
  25  5:26  SCV  
  26  5:31  SCV  
  26  5:33  Missile Turret  
  27  5:38  SCV  
  27  5:41  Hi-Sec Auto Tracking  
  27  5:42  Missile Turret  
  28  5:43  SCV  
  29  5:50  SCV  
  29  5:54  Missile Turret  
  30  6:07  Battlecruiser  
  30  6:08  Missile Turret  
  30  6:10  SCV  
  37  6:12  SCV  
  38  6:22  SCV  
  38  6:23  Refinery  
  38  6:24  SCV  
  38  6:25  Refinery  
  40  6:28  Missile Turret  
  40  6:34  SCV  
  41  6:40  Starport  
  41  6:42  Armory  
  41  6:46  SCV  
  42  6:50  Missile Turret  
  42  6:52  SCV  
  43  6:58  SCV  
  44  7:03  Weapon Refit  
  44  7:04  SCV  
  45  7:10  SCV  
  46  7:27  Supply Depot  
  46  7:30  Supply Depot  
  46  7:38  Supply Depot  
  46  7:40  Orbital Command  
  46  7:48  Battlecruiser, Terran Vehicle And Ship Armor Level 1  
  52  7:53  Terran Ship Weapons Level 2  
  52  7:55  Starport Tech Lab  
  52  7:58  SCV  
  53  8:15  Battlecruiser  
  59  8:31  Starport  
  59  8:53  Battlecruiser  
  59  8:55  Command Center  
  65  9:22  Starport Tech Lab  
  65  9:28  Missile Turret  
  65  9:29  Missile Turret  
  65  9:32  Supply Depot  
  65  9:41  Battlecruiser  
  71  9:48  Terran Vehicle And Ship Armor Level 2  
  71  9:51  Missile Turret  
  71  9:52  Missile Turret  
  71  9:53  Raven  
  71  9:58  Supply Depot  
  73  10:20  Supply Depot  
  73  10:36  Missile Turret  
  73  10:37  SCV  
  73  10:41  Explosive Shrapnel Shells  
  74  10:42  Corvid Reactor  
  74  10:49  Battlecruiser, SCV  
  81  10:53  SCV  
  82  10:58  Missile Turret  
  82  11:01  Missile Turret, SCV  
  83  11:04  Missile Turret  
  83  11:05  SCV  
  83  11:06  Missile Turret  
  84  11:13  SCV  
  84  11:15  Refinery  
  85  11:18  Refinery  
  86  11:26  Missile Turret  
  64  12:40  Battlecruiser x2  
  76  12:49  Command Center  
  76  13:56  Command Center  
Show
View Real Time Build Order
Export as new Build Order

MotsiMabuse Protoss 

Build Orders: Cannon Rush 

Get SALT Encoding   

  12  0:06  Probe (Chrono Boost)  
  13  0:17  Probe (Chrono Boost)  
  14  0:27  Probe (Chrono Boost)  
  15  0:43  Pylon  
  15  1:03  Forge  
  15  1:07  Pylon  
  15  1:09  Probe (Chrono Boost)  
  16  1:14  Assimilator  
  16  1:18  Assimilator  
  16  1:20  Probe (Chrono Boost)  
  17  1:30  Probe (Chrono Boost)  
  18  1:41  Probe (Chrono Boost)  
  18  1:46  Photon Cannon  
  19  1:49  Photon Cannon  
  19  1:52  Photon Cannon  
  19  2:00  Probe (Chrono Boost)  
  20  2:11  Probe (Chrono Boost)  
  20  2:15  Gateway  
  21  2:21  Probe (Chrono Boost)  
  22  2:31  Pylon  
  22  2:32  Probe (Chrono Boost)  
  23  2:53  Photon Cannon  
  23  2:56  Photon Cannon  
  23  3:16  Probe (Chrono Boost)  
  24  3:20  Nexus  
  24  3:27  Cybernetics Core  
  24  3:52  Pylon  
  24  4:01  Pylon  
  24  4:04  Pylon  
  24  4:17  Photon Cannon  
  24  4:18  Photon Cannon  
  24  4:27  Stargate  
  24  4:28  Stargate  
  24  4:33  Probe (Chrono Boost)  
  25  4:44  Probe (Chrono Boost)  
  26  4:49  Stargate  
  26  4:55  Probe (Chrono Boost)  
  26  4:57  Pylon  
  27  5:02  Pylon  
  27  5:05  Probe (Chrono Boost)  
  28  5:08  Probe (Chrono Boost)  
  29  5:18  Probe (Chrono Boost)  
  29  5:19  Probe (Chrono Boost)  
  32  5:28  Probe (Chrono Boost)  
  32  5:29  Probe (Chrono Boost)  
  32  5:33  Photon Cannon  
  33  5:39  Probe (Chrono Boost)  
  33  5:40  Probe (Chrono Boost), Photon Cannon  
  35  5:47  Photon Cannon  
  35  5:50  Probe (Chrono Boost)  
  35  5:51  Assimilator  
  35  5:55  Assimilator, Probe (Chrono Boost)  
  37  6:05  Probe (Chrono Boost)  
  37  6:10  Void Ray (Chrono Boost)  
  42  6:15  Probe  
  43  6:21  Void Ray (Chrono Boost)  
  47  6:30  Probe  
  48  6:42  Probe  
  48  6:46  Void Ray (Chrono Boost)  
  53  6:49  Mothership Core  
  55  6:59  Fleet Beacon  
  55  7:15  Void Ray (Chrono Boost)  
  59  7:16  Void Ray (Chrono Boost)  
  67  7:32  Void Ray (Chrono Boost)  
  73  7:52  Void Ray (Chrono Boost)  
  77  8:08  Void Ray (Chrono Boost)  
  77  8:12  Probe  
  82  8:19  Nexus  
  82  8:24  Assimilator  
  82  8:34  Void Ray (Chrono Boost)  
  90  8:41  Void Ray (Chrono Boost)  
  90  8:50  Assimilator, Pylon  
  90  8:53  Pylon  
  90  8:55  Pylon  
  90  8:57  Pylon  
  90  9:01  Void Ray (Chrono Boost)  
  94  9:07  Pylon  
  94  9:10  Pylon  
  94  9:18  Void Ray (Chrono Boost)  
  98  9:30  Probe  
  99  9:32  Probe  
  100  9:42  Probe  
  100  9:43  Probe  
  102  9:49  Void Ray (Chrono Boost)  
  106  9:53  Probe  
  106  9:54  Probe  
  108  10:06  Probe  
  102  10:18  Probe  
  101  10:31  Void Ray x2 (Chrono Boost)  
  113  10:37  Void Ray (Chrono Boost)  
  113  10:45  Nexus  
  113  11:08  Void Ray x2 (Chrono Boost)  
  121  11:14  Probe  
  126  11:26  Probe  
  126  11:29  Void Ray (Chrono Boost)  
  127  11:38  Probe  
  128  11:45  Void Ray (Chrono Boost)  
  132  11:51  Probe  
  133  12:03  Probe  
  121  12:29  Void Ray x2 (Chrono Boost)  
  133  12:35  Void Ray (Chrono Boost)  
  133  12:46  Pylon  
  133  12:50  Pylon  
  133  12:52  Pylon  
  133  12:55  Pylon  
  133  12:59  Pylon  
  133  13:01  Pylon  
  133  13:06  Void Ray (Chrono Boost)  
  133  13:07  Void Ray (Chrono Boost)  
  141  13:13  Probe  
  142  13:23  Probe  
  147  13:30  Void Ray (Chrono Boost)  
  147  13:34  Probe  
  147  13:35  Probe  
  147  13:41  Probe  
  150  13:44  Probe  
  150  13:48  Probe  
  152  13:53  Probe  
  152  13:55  Probe  
  153  13:59  Void Ray (Chrono Boost)  
  153  14:00  Probe  
  159  14:05  Probe  
  160  14:12  Probe  
  161  14:24  Probe  
Show
View Real Time Build Order
Export as new Build Order

compengibber Protoss 

Build Orders:  

Get SALT Encoding   

  13  0:13  Pylon  
  12  0:24  Probe (Chrono Boost)  
  13  0:34  Probe (Chrono Boost)  
  14  0:36  Gateway  
  14  0:47  Probe (Chrono Boost)  
  15  0:58  Probe (Chrono Boost)  
  15  0:59  Assimilator  
  16  1:04  Assimilator  
  16  1:09  Probe (Chrono Boost), Forge  
  17  1:18  Pylon  
  17  1:28  Probe (Chrono Boost)  
  18  1:39  Probe (Chrono Boost)  
  19  1:52  Probe (Chrono Boost)  
  20  1:56  Cybernetics Core  
  20  2:02  Probe (Chrono Boost)  
  20  2:05  Pylon  
  21  2:35  Probe (Chrono Boost)  
  22  2:40  Nexus  
  22  2:56  Stargate  
  22  2:59  Stargate  
  22  3:04  Stargate  
  22  3:14  Pylon  
  22  3:31  Adept  
  23  3:53  Void Ray  
  27  3:58  Adept  
  27  3:59  Probe (Chrono Boost)  
  31  4:10  Probe (Chrono Boost)  
  31  4:20  Probe (Chrono Boost)  
  32  4:27  Assimilator  
  32  4:31  Probe (Chrono Boost)  
  33  4:32  Assimilator  
  33  4:41  Probe (Chrono Boost)  
  34  4:52  Probe (Chrono Boost)  
  35  4:58  Pylon  
  35  5:01  Pylon  
  35  5:02  Probe (Chrono Boost)  
  35  5:05  Probe (Chrono Boost)  
  37  5:13  Probe (Chrono Boost), Void Ray  
  42  5:15  Probe (Chrono Boost)  
  42  5:20  Void Ray  
  47  5:22  Probe (Chrono Boost)  
  47  5:25  Protoss Air Weapons Level 1 (Chrono Boost)  
  48  5:29  Probe  
  48  5:32  Probe  
  50  5:43  Probe  
  50  5:49  Pylon  
  51  5:53  Probe  
  52  5:58  Void Ray  
  52  5:59  Pylon  
  52  6:02  Pylon  
  56  6:04  Probe  
  57  6:14  Probe  
  58  6:26  Probe  
  59  6:37  Probe  
  59  6:38  Void Ray x2  
  68  6:47  Probe  
  68  6:52  Protoss Shields Level 1  
  69  6:58  Probe  
  70  7:20  Void Ray  
  70  7:22  Void Ray  
  78  7:36  Protoss Air Armor Level 1 (Chrono Boost)  
  78  7:46  Nexus  
  78  7:56  Fleet Beacon  
  78  8:29  Phoenix x2  
  78  8:30  Phoenix  
  84  8:54  Phoenix x3  
  90  9:05  Assimilator  
  90  9:11  Assimilator  
  90  9:19  Phoenix x2  
  90  9:20  Twilight Council  
  94  9:26  Pylon  
  94  9:29  Pylon  
  94  9:32  Probe  
  94  9:34  Pylon  
  95  9:39  Pylon  
  95  9:42  Probe  
  95  9:43  Pylon  
  96  9:53  Probe  
  97  10:03  Probe  
  98  10:14  Probe  
  95  11:07  Void Ray x3  
  103  11:50  Void Ray x3  
  115  12:33  Void Ray x3  
  127  13:16  Phoenix x2, Void Ray  
  129  13:41  Phoenix x2  
Show
View Real Time Build Order
Export as new Build Order

VeniVidiVici Zerg 

Build Orders: Pool First 

Get SALT Encoding   

  12  0:06  Drone  
  13  0:23  Drone  
  14  0:31  Spawning Pool  
  13  0:37  Drone  
  14  0:55  Overlord  
  14  1:15  Drone x2  
  14  1:17  Drone  
  17  1:22  Hatchery  
  16  1:31  Queen  
  18  1:33  Zergling x2  
  19  1:43  Drone  
  20  1:54  Extractor  
  20  1:56  Zergling x2  
  20  2:07  Drone  
  21  2:25  Extractor  
  20  2:32  Drone x2  
  22  2:37  Drone  
  22  2:40  Queen  
  24  2:46  Zergling x6  
  24  2:47  Zergling x2  
  28  3:05  Overlord x2  
  27  3:21  Queen  
  25  3:27  Zergling x6  
  28  3:49  Lair  
  28  4:04  Spore Crawler  
  28  4:05  Spore Crawler  
  28  4:09  Spore Crawler  
  25  4:11  Drone x2  
  25  4:12  Drone  
  28  4:31  Drone  
  28  4:32  Drone x5  
  34  4:38  Drone x2  
  34  4:45  Drone x3  
  39  4:47  Drone  
  39  4:51  Overlord  
  39  5:19  Spire  
  38  5:23  Drone  
  38  5:25  Drone x3  
  38  5:26  Drone x2  
  44  5:30  Extractor  
  44  5:33  Extractor  
  42  5:57  Spire  
  42  6:02  Spore Crawler  
  40  6:04  Drone x2  
  40  6:05  Drone  
  40  6:08  Overlord x2  
  43  6:25  Overlord x2  
  43  6:41  Mutalisk x5  
  43  6:42  Mutalisk x3  
  43  6:46  Zerg Flyer Weapons Level 1  
  59  6:49  Overseer  
  59  6:53  Overseer  
  59  6:58  Drone x2  
  61  7:09  Mutalisk x2  
  65  7:21  Zerg Flyer Armor Level 1  
  65  7:32  Spine Crawler  
  64  8:19  Mutalisk x5  
  58  8:20  Mutalisk  
  56  8:45  Zergling x6  
  56  8:46  Zergling x6  
  62  8:57  Corruptor x3  
  68  9:21  Corruptor  
  68  9:22  Corruptor  
  72  9:25  Corruptor  
  72  9:29  Overlord x2  
  56  10:56  Corruptor x2  
  56  10:57  Corruptor x3  
  53  11:01  Zerg Flyer Weapons Level 2  
  53  11:03  Zerg Flyer Armor Level 2  
  61  11:36  Corruptor x5  
  61  11:37  Corruptor  
  61  11:39  Corruptor  
  75  11:46  Zergling x10  
  75  11:47  Zergling x2  
  77  12:27  Mutalisk x5  
  87  13:09  Mutalisk x2  
  87  13:12  Overlord  
Show
View Real Time Build Order
Export as new Build Order

Jhyrachy Zerg 

Build Orders: Hatch First 

Get SALT Encoding   

  12  0:02  Drone  
  13  0:10  Drone  
  14  0:24  Overlord  
  14  0:44  Drone  
  14  0:45  Drone  
  14  0:46  Drone  
  17  1:11  Drone  
  17  1:14  Hatchery  
  17  1:15  Extractor  
  17  1:16  Drone  
  17  1:33  Spawning Pool  
  17  1:35  Drone x2  
  18  1:41  Drone  
  19  1:56  Drone  
  20  2:02  Overlord  
  20  2:20  Queen, Evolution Chamber  
  20  2:22  Zergling x4  
  23  2:24  Metabolic Boost  
  23  2:34  Queen  
  25  2:47  Zerg Missile Weapons Level 1  
  25  2:51  Baneling Nest  
  24  2:52  Drone  
  24  2:56  Drone x3, Extractor  
  27  3:10  Queen  
  29  3:15  Drone x3  
  32  3:25  Zergling x2  
  32  3:26  Zergling x4  
  35  3:47  Overlord x3  
  35  4:04  Queen  
  35  4:07  Zergling x6  
  35  4:08  Zergling x12  
  46  4:41  Zerg Ground Armor Level 1  
  46  4:57  Hatchery, Lair  
  45  5:03  Drone x2  
  47  5:14  Burrow  
  47  5:27  Zergling x2  
  47  5:28  Zergling x24  
  60  6:01  Centrifical Hooks  
  60  6:12  Queen  
  61  6:35  Zerg Melee Weapons Level 1  
  61  6:41  Zergling x4  
  61  6:42  Zergling x4  
  61  6:43  Overlord x5  
  65  6:49  Infestation Pit  
  65  6:53  Evolution Chamber  
  63  7:24  Baneling  
  63  7:25  Baneling x20  
  63  7:30  Zerg Ground Armor Level 2  
  63  7:32  Hatchery, Hive  
  62  7:39  Queen  
  58  8:30  Spore Crawler  
  58  8:31  Spore Crawler  
  56  8:35  Spore Crawler  
  56  8:36  Spore Crawler  
  56  8:37  Drone x7  
  56  8:38  Drone x14  
  75  9:12  Drone x3  
  84  9:36  Ultralisk Cavern  
  83  9:56  Extractor  
  83  9:59  Extractor  
  81  10:11  Hatchery  
  51  12:21  Overlord x6  
  51  12:22  Overlord x2  
  51  12:32  Spawning Pool  
  50  13:08  Drone x3  
  50  13:10  Drone x2  
  56  13:12  Drone  
  56  13:13  Drone x5  
  56  13:14  Drone x2  
  63  13:53  Baneling x13  
  63  13:54  Baneling x8  
Show
View Real Time Build Order
Export as new Build Order

Staglemon Protoss 

Build Orders: 1 Gate Expand 

Get SALT Encoding   

  12  0:02  Probe (Chrono Boost)  
  13  0:12  Probe (Chrono Boost)  
  14  0:24  Pylon  
  14  0:26  Probe (Chrono Boost)  
  15  0:46  Gateway  
  15  0:52  Probe (Chrono Boost)  
  16  1:07  Nexus  
  16  1:12  Pylon  
  16  1:19  Assimilator  
  16  1:34  Cybernetics Core  
  16  1:38  Probe (Chrono Boost)  
  17  1:49  Probe (Chrono Boost)  
  18  1:54  Pylon  
  18  2:00  Probe (Chrono Boost)  
  19  2:12  Gateway  
  19  2:14  Warp Gate  
  19  2:17  Adept (Chrono Boost)  
  21  2:32  Mothership Core  
  21  2:33  Probe  
  24  2:42  Adept (Chrono Boost)  
  24  2:43  Forge  
  26  2:44  Probe  
  27  2:54  Probe  
  27  2:57  Assimilator  
  28  3:01  Pylon  
  28  3:05  Probe  
  28  3:06  Pylon  
  28  3:11  Pylon  
  29  3:15  Probe  
  29  3:18  Protoss Shields Level 1  
  30  3:26  Probe  
  30  3:29  Twilight Council  
  30  3:34  Probe  
  32  3:37  Probe  
  32  3:39  Assimilator  
  33  3:41  Assimilator  
  33  3:46  Probe  
  33  3:47  Probe  
  33  3:58  Probe x2  
  33  3:59  Stalker (Chrono Boost)  
  37  4:08  Probe  
  34  4:19  Probe  
  35  4:31  Probe  
  36  4:42  Probe  
  37  4:52  Probe  
  38  5:03  Probe, Resonating Glaives  
  39  5:13  Probe (Chrono Boost)  
  40  5:15  Probe (Chrono Boost)  
  41  5:24  Probe (Chrono Boost)  
  41  5:25  Stalker  
  41  5:26  Probe (Chrono Boost), Adept  
  47  5:34  Probe (Chrono Boost)  
  48  5:36  Probe (Chrono Boost)  
  49  5:43  Photon Cannon  
  49  5:47  Probe (Chrono Boost)  
  50  5:50  Photon Cannon  
  50  5:52  Probe (Chrono Boost)  
  51  5:57  Probe (Chrono Boost)  
  52  6:06  Gateway  
  52  6:08  Probe (Chrono Boost)  
  52  6:09  Gateway  
  53  6:12  Gateway  
  53  6:15  Gateway  
  54  6:18  Probe (Chrono Boost)  
  54  6:25  Protoss Ground Weapons Level 1 (Chrono Boost)  
  54  6:35  Photon Cannon  
  54  6:40  Pylon  
  54  6:43  Blink  
  54  6:51  Robotics Facility  
  54  7:13  Pylon  
  54  7:18  Pylon  
  54  7:29  Forge  
  54  7:35  Gateway  
  54  7:48  Observer (Chrono Boost)  
  55  7:59  Stalker  
  55  8:00  Stalker x4  
  55  8:01  Stalker  
  67  8:45  Pylon  
  67  8:49  Assimilator  
  67  8:51  Assimilator  
  67  8:52  Pylon  
  67  8:58  Stalker x2  
  67  8:59  Stalker x3  
  67  9:00  Stalker x2  
  85  9:02  Immortal (Chrono Boost)  
  85  9:07  Nexus  
  85  9:20  Charge  
  85  9:23  Stalker  
  85  9:24  Stalker x4  
  91  9:25  Stalker x2  
  99  9:37  Immortal (Chrono Boost)  
  103  9:49  Pylon  
  103  10:10  Protoss Ground Armor Level 1  
  103  10:11  Immortal (Chrono Boost)  
  107  10:23  Stalker x4  
  107  10:24  Stalker x2  
  107  10:25  Stalker  
  121  10:45  Immortal (Chrono Boost)  
  121  10:47  Sentry x3  
  121  10:48  Sentry  
  133  11:04  Pylon  
  133  11:10  Pylon  
  133  11:11  Pylon  
  133  11:23  Immortal (Chrono Boost)  
  62  12:34  Stalker x2  
  62  12:35  Stalker x2  
  62  12:36  Stalker x2  
  66  12:37  Stalker  
  68  12:46  Observer (Chrono Boost)  
  69  12:54  Probe  
  70  13:03  Stalker  
  70  13:04  Stalker x4  
  70  13:05  Stalker  
  81  13:06  Stalker  
  84  13:15  Pylon  
  58  13:32  Warp Prism (Chrono Boost)  
  43  13:55  Stalker x3  
  35  13:56  Stalker x3  
Show
View Real Time Build Order
Export as new Build Order

Quincy Terran 

Build Orders:  

Get SALT Encoding   

  12  0:02  SCV  
  13  0:14  SCV  
  14  0:28  SCV  
  15  0:34  Supply Depot  
  15  0:38  Refinery  
  15  0:56  SCV  
  16  1:08  SCV  
  16  1:09  Refinery  
  17  1:20  SCV  
  18  1:32  SCV  
  19  1:46  SCV  
  20  1:59  SCV  
Show
View Real Time Build Order
Export as new Build Order

Allosaurus Zerg 

Build Orders: Pool First 

Get SALT Encoding   

  12  0:02  Drone  
  13  0:15  Drone  
  14  0:34  Spawning Pool  
  13  0:50  Extractor  
  13  0:51  Drone x2  
  13  0:54  Overlord  
  14  1:18  Overlord x2  
  14  1:21  Queen  
  16  1:32  Zergling x2  
  17  1:40  Zergling x2  
  17  1:41  Metabolic Boost  
  18  1:48  Zergling x2  
  19  2:10  Zergling x4  
  20  2:53  Zergling x8  
  20  2:54  Zergling x2  
  23  3:32  Hatchery  
  17  3:46  Drone x3  
  17  3:47  Drone x3  
  21  3:49  Lair  
  21  3:52  Extractor  
  20  4:06  Spine Crawler  
  20  4:09  Spine Crawler  
  18  4:14  Spine Crawler  
  18  4:15  Spore Crawler  
  16  4:20  Spore Crawler, Drone  
  16  4:21  Drone x3  
  16  4:22  Drone  
  20  4:49  Queen  
  20  4:50  Drone  
  23  5:01  Drone x5  
  23  5:02  Drone  
  23  5:06  Drone x2  
  31  5:12  Spire  
  30  5:21  Zergling x2  
  31  5:31  Drone x2  
  31  5:34  Spine Crawler  
  32  5:39  Spine Crawler  
  31  5:43  Spore Crawler  
  31  5:45  Spore Crawler  
  29  5:50  Drone  
  29  5:51  Drone  
  29  5:52  Drone x2  
  33  6:01  Drone  
  33  6:02  Drone x4  
  38  6:05  Extractor  
  38  6:09  Extractor  
  36  6:24  Mutalisk x3  
  42  6:28  Overlord  
  42  6:30  Overlord x2  
  42  6:36  Zerg Flyer Weapons Level 1  
  42  6:51  Drone x5  
  47  6:59  Mutalisk  
  47  7:00  Mutalisk x3  
  55  7:12  Mutalisk  
  55  7:13  Mutalisk x4  
  65  7:17  Overlord  
  65  7:18  Overlord  
  65  7:23  Overseer  
  65  7:26  Overseer  
  65  7:38  Mutalisk x4  
  73  7:48  Zergling x2  
  70  8:30  Zerg Flyer Armor Level 1  
  70  8:39  Mutalisk x3  
  70  8:40  Mutalisk x2  
  80  8:44  Overlord  
  80  8:45  Overlord x3  
  80  8:56  Infestation Pit  
  79  9:18  Hatchery  
  79  9:21  Mutalisk  
  79  9:22  Mutalisk x5  
  90  9:26  Overlord x3  
  90  9:27  Overlord x3  
  89  10:24  Zerg Flyer Weapons Level 2  
  39  11:09  Drone x3  
  39  11:10  Queen  
  44  11:16  Mutalisk x3  
  50  11:21  Mutalisk x4  
  50  11:22  Mutalisk  
  60  11:39  Queen  
  60  12:02  Mutalisk x3  
  66  12:14  Mutalisk x4  
  66  12:15  Mutalisk  
  78  12:21  Hive  
  76  12:29  Extractor  
  75  12:32  Extractor  
  75  12:34  Drone x2  
  75  12:35  Drone x3  
  79  12:40  Mutalisk  
  79  12:41  Mutalisk x5  
  91  12:49  Mutalisk  
  93  13:03  Drone  
  93  13:04  Drone x4  
  98  13:32  Mutalisk x6  
  98  13:33  Mutalisk  
  111  13:36  Overlord  
  111  13:57  Mutalisk  
  111  13:58  Mutalisk x2  
  111  14:00  Mutalisk  
Tags
 
Add a new tag
Caveats
  • Supply blocks, unpowered buildings, or Contaminate may cause inaccurate times.
  • Supply counts are checked every 10 seconds.